Map: Orbital Shipyard

Players

LilDicky

  • Race: Terran Terran
  • League: Diamond

Luck - Winner!

  • Race: Zerg Zerg
  • League: Diamond

VOD

http://www.twitch.tv/tumescentpie

Description

Time

  • Played on: Dec. 8, 2015, 10:21 p.m.
  • Length: 14:56
Show
View Real Time Build Order
Export as new Build Order

LilDicky Terran 

Build Orders:  

Get SALT Encoding   

  12  0:02  SCV  
  13  0:15  SCV  
  13  0:19  Supply Depot  
  14  0:28  SCV  
  15  0:37  Refinery  
  15  0:41  SCV  
  16  0:45  Barracks  
  16  0:54  SCV  
  17  1:06  SCV  
  18  1:21  SCV  
  19  1:35  Supply Depot, Marine  
  19  1:38  Orbital Command  
  20  1:44  Refinery  
  20  1:47  Factory  
  20  1:53  Marine  
  21  2:07  SCV  
  22  2:10  Marine  
  23  2:19  SCV  
  24  2:30  Command Center  
  24  2:33  Armory  
  25  2:41  Starport  
  24  2:45  Factory Tech Lab  
  24  2:56  Barracks Reactor  
  24  2:59  SCV  
  25  3:12  SCV  
  26  3:24  SCV  
  27  3:28  Supply Depot  
  27  3:33  Marine x2  
  29  3:36  SCV  
  30  3:41  Thor  
  30  3:48  SCV  
  37  3:56  Supply Depot  
  37  3:58  Bunker  
  37  4:02  Marine  
  38  4:03  Medivac  
  38  4:08  SCV  
  42  4:12  Supply Depot  
  42  4:15  Orbital Command  
  41  4:17  Marine  
  41  4:20  SCV  
  43  4:46  Liberator  
  43  5:02  Marine x2  
  43  5:05  Siege Tank  
  43  5:06  SCV  
  43  5:07  SCV  
  53  5:08  Command Center  
  53  5:10  Refinery x2  
  53  5:12  Supply Depot  
  53  5:19  SCV  
  53  5:20  SCV  
  55  5:28  Factory  
  55  5:31  SCV  
  44  6:08  Thor  
  44  6:09  SCV  
  44  6:10  SCV  
  51  6:16  Starport Reactor  
  51  6:17  Factory Reactor, Marine  
  52  6:18  Marine  
  52  6:21  SCV  
  54  6:31  Command Center  
  54  6:34  Terran Vehicle And Ship Armor Level 1, Engineering Bay  
  54  6:36  SCV, Marine x2  
  57  6:41  Supply Depot  
  57  6:48  SCV  
  57  6:49  Orbital Command  
  57  6:53  Thor  
  57  6:54  Marine  
  64  6:56  Hellion x2  
  64  6:59  Infernal Pre-Igniter  
  69  7:05  SCV x2  
  71  7:10  Refinery  
  71  7:13  Refinery  
  71  7:17  SCV x2  
  71  7:19  Missile Turret  
  71  7:22  Missile Turret  
  73  7:28  Supply Depot, Liberator  
  73  7:29  Liberator  
  73  7:34  SCV x3, Missile Turret  
  73  7:35  Supply Depot  
  73  7:36  Marine x2  
  78  7:37  Missile Turret  
  84  8:00  Orbital Command  
  84  8:01  Missile Turret  
  84  8:03  Supply Depot  
  84  8:07  SCV  
  84  8:08  SCV  
  84  8:09  Marine x2  
  84  8:11  Hellion x2  
  92  8:17  Thor  
  98  8:24  SCV x3  
  101  8:27  SCV  
  102  8:36  SCV x2  
  102  8:40  SCV x2  
  106  8:41  Factory  
  106  8:43  Factory  
  106  8:54  Marine x2  
  106  8:55  SCV  
  109  8:57  Liberator x2  
  109  9:12  Marine x2  
  116  9:29  Marine x2  
  116  9:31  Factory Tech Lab, Factory Reactor  
  118  9:36  Hellion x2  
  118  9:38  Thor  
  127  9:47  Armory, Marine  
  127  9:48  Terran Vehicle And Ship Armor Level 2  
  127  9:50  Thor  
  127  9:52  Command Center, SCV x2  
  135  9:54  Marine  
  136  10:04  SCV x2  
  136  10:05  SCV x2, Missile Turret, Marine  
  136  10:06  Command Center, Missile Turret  
  141  10:08  Hellion  
  141  10:09  Hellion x2  
  147  10:17  Factory  
  147  10:19  Factory  
  147  10:20  Hellion, Liberator x2  
  148  10:31  Supply Depot  
  148  10:35  Supply Depot  
  148  10:38  Thor  
  148  10:41  Missile Turret, Terran Vehicle Weapons Level 1  
  160  10:55  Thor  
  165  10:57  Marine x2  
  165  11:00  Hellion x2  
  165  11:01  Hellion  
  165  11:03  Factory Tech Lab  
  165  11:04  Factory Tech Lab  
  171  11:09  Refinery x2  
  171  11:12  Planetary Fortress  
  171  11:16  Missile Turret  
  171  11:17  Missile Turret  
  171  11:18  Missile Turret  
  171  11:19  Missile Turret  
  171  11:21  Thor  
  177  11:26  Missile Turret x2  
  177  11:40  Thor x2  
  177  11:42  Hellion  
  177  11:43  Hellion x2  
  184  12:01  Planetary Fortress  
  182  12:03  Refinery  
  182  12:09  Command Center, Refinery  
  182  12:14  Engineering Bay  
  182  12:17  Supply Depot  
  182  12:18  Supply Depot  
  182  12:29  Missile Turret x2  
  182  12:40  Missile Turret  
  182  12:45  Missile Turret  
  182  12:55  Building Armor  
  182  12:59  Missile Turret  
  182  13:00  Hellion  
  182  13:04  Missile Turret  
  169  13:22  Liberator x2  
  112  13:40  Thor x2  
  112  13:41  Thor x2  
  130  13:42  Hellion  
  114  14:03  Widow Mine x2  
  110  14:23  Hellion, Widow Mine x2  
Show
View Real Time Build Order
Export as new Build Order

Luck Zerg - Winner!

Build Orders: Hatch First 

Get SALT Encoding   

  12  0:01  Drone  
  13  0:12  Overlord  
  13  0:18  Drone  
  14  0:31  Drone x2  
  14  0:34  Drone  
  17  0:54  Hatchery  
  16  0:58  Drone  
  17  1:05  Extractor  
  16  1:13  Spawning Pool  
  16  1:16  Drone  
  16  1:19  Drone  
  16  1:22  Drone  
  18  1:34  Drone  
  19  1:43  Overlord  
  19  1:49  Drone  
  20  2:01  Queen  
  20  2:07  Queen  
  24  2:09  Metabolic Boost  
  24  2:12  Zergling x4  
  24  2:15  Zergling x2  
  27  2:20  Drone  
  28  2:25  Drone  
  29  2:30  Drone  
  29  2:34  Drone  
  31  2:41  Drone  
  32  2:47  Drone  
  32  2:48  Overlord  
  33  2:55  Drone  
  34  3:03  Drone  
  35  3:08  Drone  
  35  3:12  Drone  
  37  3:15  Hatchery  
  37  3:16  Drone x2  
  37  3:17  Drone x2  
  40  3:25  Baneling Nest  
  39  3:27  Drone x2  
  41  3:35  Drone  
  43  3:41  Drone  
  43  3:48  Drone  
  44  3:49  Overlord x4  
  44  4:14  Drone x5  
  44  4:16  Extractor, Queen  
  50  4:17  Extractor  
  50  4:18  Drone x2  
  50  4:20  Spore Crawler  
  50  4:21  Spore Crawler  
  50  4:22  Drone, Spore Crawler  
  50  4:23  Spore Crawler  
  48  4:34  Overlord  
  48  4:36  Drone x3, Queen  
  53  4:41  Lair  
  53  4:43  Drone x2  
  55  4:46  Extractor  
  55  4:47  Drone x3  
  55  4:48  Drone  
  55  4:49  Overlord  
  58  4:56  Overlord  
  57  5:06  Drone x3  
  61  5:07  Drone x2  
  61  5:12  Pneumatized Carapace  
  62  5:19  Evolution Chamber  
  62  5:20  Drone x4  
  65  5:21  Evolution Chamber  
  65  5:22  Drone x3  
  65  5:23  Drone x2  
  65  5:27  Hatchery, Zergling x6  
  69  5:36  Zergling x4  
  69  5:37  Zergling x2  
  66  5:50  Zergling x6  
  63  6:05  Zergling x6  
  63  6:06  Zergling x12  
  63  6:07  Zergling x2  
  63  6:08  Queen x2  
  63  6:09  Queen  
  78  6:11  Zerg Ground Armor Level 1  
  78  6:13  Zerg Melee Weapons Level 1  
  78  6:20  Zergling x6  
  81  6:28  Centrifical Hooks  
  81  6:31  Zergling x2  
  81  6:32  Zergling x4  
  82  6:39  Drone x3, Queen  
  85  6:49  Drone x3  
  85  6:50  Drone  
  89  6:55  Queen  
  89  7:00  Drone  
  92  7:04  Extractor x2  
  92  7:05  Spire  
  89  7:10  Infestation Pit  
  89  7:15  Spore Crawler, Overlord x2  
  87  7:16  Overlord, Spore Crawler  
  87  7:19  Overlord  
  87  7:20  Overlord  
  86  7:30  Baneling x3  
  86  7:31  Baneling x4  
  86  7:32  Drone x3  
  86  7:33  Drone  
  90  7:43  Drone x4  
  90  7:44  Drone x3  
  97  7:46  Zergling x2  
  97  7:47  Zergling x12  
  97  7:50  Hatchery  
  103  7:52  Hive  
  103  8:04  Overseer  
  103  8:18  Corruptor x4  
  111  8:22  Zergling x20  
  121  8:28  Queen  
  121  8:32  Zergling x12  
  129  8:50  Baneling x2  
  129  8:51  Corruptor x2, Baneling x11  
  133  9:02  Extractor  
  133  9:05  Extractor  
  133  9:07  Spore Crawler  
  129  9:10  Corruptor x2  
  129  9:11  Corruptor, Spine Crawler x2  
  133  9:24  Zerg Melee Weapons Level 2  
  133  9:42  Overlord x2  
  133  9:43  Overlord x2  
  133  9:48  Greater Spire  
  133  9:58  Overlord x2  
  133  10:01  Drone  
  133  10:02  Drone x4  
  133  10:03  Drone x2  
  140  10:20  Corruptor x4  
  140  10:21  Corruptor x4  
  148  10:23  Viper  
  159  10:35  Drone x4  
  161  10:36  Drone, Overlord x2  
  161  10:37  Zergling x2  
  161  10:38  Zergling x20  
  161  10:40  Hatchery  
  174  11:01  Brood Lord x5  
  174  11:03  Brood Lord  
  186  11:06  Zergling x2  
  186  11:07  Zergling x2  
  188  11:11  Baneling  
  188  11:12  Baneling x7  
  188  11:13  Baneling  
  188  11:26  Adrenal Glands  
  188  11:53  Corruptor x3  
  188  11:54  Corruptor x3  
  194  12:12  Corruptor x2  
  194  12:31  Overlord x2  
  194  12:35  Corruptor  
  194  12:36  Corruptor x2  
  199  12:51  Zerg Flyer Armor Level 1  
  199  12:56  Spire  
  198  13:02  Overseer x3  
  153  13:40  Brood Lord x7  
  153  13:41  Zergling x2, Brood Lord  
  167  13:42  Zergling x38  
  167  13:43  Zergling x12  
  185  14:02  Zergling x2  
  185  14:03  Zergling x30  
  195  14:34  Baneling  
  195  14:35  Baneling x20  
  195  14:36  Zergling x2, Baneling  
  195  14:37  Zergling x6  
Tags
 
Add a new tag
Caveats
  • Supply blocks, unpowered buildings, or Contaminate may cause inaccurate times.
  • Supply counts are checked every 10 seconds.